 Dungeon Crawl Stone Soup version 0.31-a0-940-gdaa99269f9 (webtiles) character file.

Game seed: 6342961487885833322

508 Ahpoh the Slasher (level 7, -2/56 HPs)
             Began as a Barachi Fighter on Oct 20, 2023.
             Slain by Edmund
             ... wielding a +0 flail of protection
              (9 damage)
             ... on level 4 of the Dungeon.
             The game lasted 00:11:07 (2396 turns).

Ahpoh the Slasher (Barachi Fighter)                 Turns: 2396, Time: 00:11:08

Health: -2/56      AC: 12    Str: 18    XL:     7   Next: 18%
Magic:  7/7        EV: 10    Int:  8    God:
Gold:   110        SH:  5    Dex: 13    Spells: 6/6 levels left

rFire   . . .        a - +0 long sword
rCold   . . .        c - +0 buckler
rNeg    . . .        b - +0 scale mail
rPois   .            (no helmet)
rElec   .            s - +0 cloak
rCorr   .            (no gloves)
SInv    .            (no boots)
Will    .....        (no amulet) Stlth
                     n - +4 ring of protection
HPRegen 0.29/turn    (no ring)
MPRegen 0.10/turn

%: no passive effects
@: slow
A: amphibious, slowness 1, strong legs 1, +LOS
a: Hop


You were on level 4 of the Dungeon.
You visited 1 branch of the dungeon, and saw 4 of its levels.

You collected 110 gold pieces.

Inventory:

Hand Weapons
 a - a +0 long sword (weapon)
 h - a +3 short sword
Missiles
 j - 6 boomerangs (quivered)
 m - 4 poisoned darts
Armour
 b - a +0 scale mail (worn)
 c - a +0 buckler (worn)
 s - a +0 cloak (worn)
Jewellery
 n - a +4 ring of protection (left hand)
Scrolls
 f - a scroll of vulnerability {unknown}
 g - a scroll of fog
 i - a scroll of teleportation {unknown}
 q - a scroll of immolation {unknown}
 v - a scroll of identify {unknown}
 w - a scroll of poison {unknown}
Potions
 e - a potion of experience {unknown}
 k - a potion of degeneration {unknown}
 l - a potion of haste {unknown}
 p - 2 potions of curing {unknown}
 r - a potion of ambrosia {unknown}
 t - a potion of magic {unknown}
 u - a potion of mutation {unknown}


   Skills:
 * Level 5.3 Fighting
 * Level 5.9 Long Blades
 * Level 5.2 Armour
 * Level 2.2 Dodging
 + Level 0.1 Stealth
 * Level 4.3 Shields


You had 6 spell levels left.
You didn't know any spells.
Your spell library contained the following spells:

 Spells                   Type           Power      Damage    Failure   Level
 Lesser Beckoning         Tloc           0%         N/A       94%         2
 Gell's Gravitas          Tloc           0%         N/A       99%         3
 Ozocubu's Armour         Ice            0%         N/A       99%         3
 Teleport Other           Tloc           0%         N/A       99%         3
 Ozocubu's Refrigeration  Ice            0%         4d7       100%        7


Dungeon Overview and Level Annotations

Branches:
Dungeon (4/15)
 Temple: D:4-7

Altars:
Zin

Annotations:
D:4 Edmund


Innate Abilities, Weirdness & Mutations

You are amphibious.
You cover ground slowly.
You can hop short distances.
You have an extended range of vision and can be seen from far away.


Message History

Aim: Edmund, wielding a +0 flail of protection and wearing a +0 chain mail (moderately wounded, 64% to hit)
You throw a boomerang. The boomerang hits Edmund.
Edmund is moderately wounded.
Throw: 6 boomerangs
Press: ? - help, Q - select action, (/) - cycle Shift-Dir - straight line, f/p - Edmund
Aim: Edmund, wielding a +0 flail of protection and wearing a +0 chain mail (moderately wounded, 64% to hit)
You throw a boomerang.
The boomerang hits Edmund but does no damage.
Edmund is moderately wounded.
Throw: 6 boomerangs
Press: ? - help, Q - select action, (/) - cycle Shift-Dir - straight line, f/p - Edmund
Aim: Edmund, wielding a +0 flail of protection and wearing a +0 chain mail (moderately wounded, 64% to hit)
You throw a boomerang.
The boomerang hits Edmund but does no damage.
Edmund is moderately wounded.
Throw: 6 boomerangs
Press: ? - help, Q - select action, (/) - cycle Shift-Dir - straight line, f/p - Edmund
Aim: Edmund, wielding a +0 flail of protection and wearing a +0 chain mail (moderately wounded, 64% to hit)
You throw a boomerang. The boomerang hits Edmund.
Edmund is moderately wounded.
Edmund hits you with a +0 flail of protection!
* * * LOW HITPOINT WARNING * * *
You hit Edmund but do no damage.
Edmund is moderately wounded.
Edmund hits you with a +0 flail of protection.
* * * LOW HITPOINT WARNING * * *
You hit Edmund but do no damage.
Edmund is moderately wounded.
Edmund barely misses you.
You hit Edmund.
Edmund is heavily wounded.
Edmund completely misses you.
You hit Edmund but do no damage.
Edmund is heavily wounded.
Edmund hits you but does no damage.
You hit Edmund.
Edmund is heavily wounded.
Edmund hits you with a +0 flail of protection!
You die...
Edmund says, "I'd like to see a scythe do that!"

#.#########################.#
#.######### #..........#.#
........... ........##.#.#####
........... ..................
........... .........#.#.#####
...>....... .........#.#'#####
####################....#........
........รท..........#....#........
................@..#....#........
................@..#....#.#'#####
################...#....#.#.#
...............#...#....#.#.#
...............#...#...##.#.# ##
...............#...#......#.# #.
...#####..+....#...#...####+## #.
...#...............#...##....# #.
...#....########...#...##....# ##


You could see Edmund.

Vanquished Creatures
  Sigmund (D:4)
  A phantom (D:4)
  An iguana (D:4)
  Natasha (twice) (D:3)
  2 orc wizards
  4 adders (D:4)
  2 worms
  A dart slug (D:1)
  14 orcs
  4 endoplasms (D:2)
  7 giant cockroaches
  7 hobgoblins
  7 kobolds
  4 quokkas
  9 ball pythons
  7 bats
  A frilled lizard (D:3)
  5 goblins
  6 rats
85 creatures vanquished.

Notes
Turn   | Place    | Note
-------+----------+-------------------------------------------
     0 | D:1      | Ahpoh the Barachi Fighter began the quest for the Orb.
     0 | D:1      | Reached XP level 1. HP: 18/18 MP: 1/1
    49 | D:1      | Reached XP level 2. HP: 17/25 MP: 2/2
   570 | D:2      | Reached XP level 3. HP: 30/30 MP: 3/3
   801 | D:2      | You fall into a shaft and drop 2 floors!
   886 | D:3      | Found a faded altar of an unknown god.
   979 | D:3      | Reached XP level 4. HP: 33/37 MP: 4/4
  1116 | D:3      | Noticed Natasha
  1133 | D:3      | Killed Natasha
  1134 | D:3      | Reached skill level 1 in Dodging
  1197 | D:3      | Reached XP level 5. HP: 26/43 MP: 5/5
  1339 | D:3      | Found a glowing silver altar of Zin.
  1366 | D:3      | Noticed Natasha
  1372 | D:3      | Killed Natasha
  2016 | D:4      | Noticed a phantom
  2031 | D:4      | Reached skill level 5 in Fighting
  2031 | D:4      | Reached XP level 6. HP: 51/51 MP: 6/6
  2094 | D:4      | Reached skill level 5 in Long Blades
  2094 | D:4      | Reached skill level 5 in Armour
  2248 | D:4      | Noticed Sigmund
  2263 | D:4      | Killed Sigmund
  2264 | D:4      | Reached XP level 7. HP: 37/56 MP: 7/7
  2342 | D:4      | Noticed Edmund
  2396 | D:4      | Slain by Edmund

Illustrated notes

Levels and vault maps discovered:
D:1:      saegor_arrival_simple_b, layout_basic
D:2:      layout_rooms, st_stairs_5
D:3:      layout_loops_ring, zin_treasury, ebering_ecumenical_altar_petrified,
          kennysheep_generic_room_11, uniq_natasha
D:4:      layout_basic, sigmund_edmund_badplayer

Skill      XL: |  1  2  3  4  5  6 |
---------------+-------------------+-----
Fighting       | 4 5 |  5.3
Armour         | 4 5 |  5.2
Long Blades    | 3 4 5 |  5.9
Dodging        | 1 2 |  2.2
Shields        | 4 |  4.3
Stealth        | |  0.1

Action                     |  1- 3 |  4- 6 |  7- 9 || total
---------------------------+-------+-------+-------++-------
  Melee: Long sword        |   157 |   209 |    35 ||   401
  Throw: Boomerang         |       |       |    10 ||    10
Ability: Hop               |       |     1 |     1 ||     2
    Use: Scroll            |       |     1 |     2 ||     3
         Potion            |       |     1 |       ||     1
 Armour: Scale mail        |   124 |   170 |    23 ||   317
  Dodge: Dodged            |   100 |    98 |    14 ||   212
  Block: Buckler           |    50 |    65 |     4 ||   119

Table legend: (Time is in decaauts)
 A = Elapsed time spent in this place.
 B = Non-inter-level travel time spent in this place.
 C = Inter-level travel time spent in this place.
 D = Time resting spent in this place.
 E = Time spent auto-exploring this place.
 F = Levels seen in this place.
 G = Mean time per level.
                   A        B        C        D        E       F      G
               +--------+--------+--------+--------+--------+-----+--------+
         Total |   2833 |   2797 |     36 |     39 |   1382 |   4 |  708.2 |
       Dungeon |   2833 |   2797 |     36 |     39 |   1382 |   4 |  708.2 |
               +--------+--------+--------+--------+--------+-----+--------+

Top non-repeatable levels by time:
     D:3: 1024 daAuts
     D:4: 846 daAuts
     D:1: 679 daAuts
     D:2: 282 daAuts
